TOP OF THE 1ST |
Los Angeles Angels batting - Pitching for Seattle Mariners : RHP Brad Keller
|
Pitching: RHP Brad Keller
|
|
Batting: RHB Kevin Pillar
|
0-0: Ball 1-0: Called Strike 1-1: Foul Ball, location: 2F 1-2: Strikes out swinging
|
Batting: LHB Kevin Kiermaier
|
0-0: Called Strike 0-1: SINGLE (Groundball, 34D)
|
Batting: RHB Trevor Story
|
0-0: Foul Ball, location: 2F 0-1: Ball 1-1: Ball 2-1: Swinging Strike 2-2: Ball 3-2: Foul Ball, location: 2F 3-2: Fly out, F9 (Flyball, 89S)
|
Batting: RHB Wil Myers
|
0-0: Ball 1-0: Called Strike 1-1: Swinging Strike 1-2: Strikes out swinging
|
Top of the 1st over - 0 runs, 1 hit, 0 errors, 1 left on base; Los Angeles 0 - Seattle 0 |
BOTTOM OF THE 1ST |
Seattle Mariners batting - Pitching for Los Angeles Angels : LHP Tyler Anderson
|
Pitching: LHP Tyler Anderson
|
|
Batting: RHB Cameron Maybin
|
0-0: Foul Ball, location: 2F 0-1: Fly out, F4 (Popup, 3S)
|
Batting: LHB Brandon Nimmo
|
0-0: Ground out 6-3 (Groundball, 6)
|
Batting: RHB Manny Machado
|
0-0: Called Strike 0-1: Swinging Strike 0-2: Fly out, F8 (Line Drive, 8RM)
|
Bottom of the 1st over - 0 runs, 0 hits, 0 errors, 0 left on base; Los Angeles 0 - Seattle 0 |
TOP OF THE 2ND |
Los Angeles Angels batting - Pitching for Seattle Mariners : RHP Brad Keller
|
Batting: LHB Jason Kipnis
|
0-0: Foul Ball, location: 2F 0-1: Ball 1-1: Swinging Strike 1-2: Foul Ball, location: 2F 1-2: Ball 2-2: Ground out 6-3 (Groundball, 56)
|
Batting: RHB Tyler Austin
|
0-0: Called Strike 0-1: Ball 1-1: Ball 2-1: Foul Ball, location: 2F 2-2: Strikes out looking
|
Batting: RHB Evan Longoria
|
0-0: Called Strike 0-1: Ball 1-1: Ball 2-1: Fly out, F8 (Flyball, 8LM)
|
Top of the 2nd over - 0 runs, 0 hits, 0 errors, 0 left on base; Los Angeles 0 - Seattle 0 |
BOTTOM OF THE 2ND |
Seattle Mariners batting - Pitching for Los Angeles Angels : LHP Tyler Anderson
|
Batting: RHB Kris Bryant
|
0-0: Ball 1-0: Ball 2-0: Ball 3-0: Called Strike 3-1: Foul Ball, location: 2F 3-2: Base on Balls
|
Batting: RHB Yadier Molina
|
0-0: Ball 1-0: Called Strike 1-1: Grounds into double play, 5-4-3 (Groundball, 56S)
|
Batting: RHB Hanley Ramirez
|
0-0: Called Strike 0-1: Foul Ball, location: 2F 0-2: Ball 1-2: SINGLE (Groundball, 56D)
|
Batting: RHB Christian Villanueva
|
0-0: Swinging Strike 0-1: Called Strike 0-2: Foul Ball, location: 2F 0-2: Ball 1-2: DOUBLE (Groundball, 5L) Hanley Ramirez to third Runner from 3rd tries for Home, SAFE, throw by LF to home
|
Batting: RHB Yunel Escobar
|
0-0: Ball 1-0: Ball 2-0: Called Strike 2-1: Ball 3-1: Ground out 5-3 (Groundball, 56S)
|
Bottom of the 2nd over - 1 run, 2 hits, 0 errors, 1 left on base; Los Angeles 0 - Seattle 1 |
TOP OF THE 3RD |
Los Angeles Angels batting - Pitching for Seattle Mariners : RHP Brad Keller
|
Batting: RHB Mike Zunino
|
0-0: Fly out, F7 (Flyball, 7S)
|
Batting: RHB Cameron Rupp
|
0-0: SINGLE (Line Drive, 56)
|
Batting: RHB Kevin Pillar
|
0-0: SINGLE (Flyball, 7S) Cameron Rupp to second
|
Batting: LHB Kevin Kiermaier
|
0-0: Ball 1-0: Ball 2-0: Fielders Choice at 2nd, 4-6 (Groundball, 34D) Cameron Rupp to third
|
Batting: RHB Trevor Story
|
0-0: Ball 1-0: Foul Ball, location: 2F 1-1: Foul Ball, location: 2F 1-2: Ball 2-2: Foul Ball, location: 2F 2-2: Foul Ball, location: 2F 2-2: Ball 3-2: Strikes out looking
|
Top of the 3rd over - 0 runs, 2 hits, 0 errors, 2 left on base; Los Angeles 0 - Seattle 1 |
BOTTOM OF THE 3RD |
Seattle Mariners batting - Pitching for Los Angeles Angels : LHP Tyler Anderson
|
Batting: LHB Preston Tucker
|
0-0: Called Strike 0-1: Swinging Strike 0-2: Hit by Pitch
|
Batting: RHB Cameron Maybin
|
0-0: Called Strike 0-1: Ball 1-1: Fly out, F7 (Flyball, 78D)
|
Batting: LHB Brandon Nimmo
|
0-0: Ball 1-0: Swinging Strike 1-1: Foul Ball, location: 2F 1-2: Ball 2-2: Foul Ball, location: 2F 2-2: Ball 3-2: Fly out, F8 (Line Drive, 8LD)
|
Batting: RHB Manny Machado
|
0-0: Called Strike 0-1: Fly out, F1 (Popup, 15)
|
Bottom of the 3rd over - 0 runs, 0 hits, 0 errors, 1 left on base; Los Angeles 0 - Seattle 1 |
TOP OF THE 4TH |
Los Angeles Angels batting - Pitching for Seattle Mariners : RHP Brad Keller
|
Batting: RHB Wil Myers
|
0-0: Ball 1-0: Fly out, F7 (Line Drive, 7)
|
Batting: LHB Jason Kipnis
|
0-0: Called Strike 0-1: Ball 1-1: SINGLE (Line Drive, 6M)
|
Batting: RHB Tyler Austin
|
0-0: Ball 1-0: Ball Jason Kipnis steals 2nd base 2-0: Ball 3-0: Called Strike 3-1: SINGLE (Line Drive, 9S) Jason Kipnis to third Runner from 3rd tries for Home, SAFE, no throw by RF
|
Batting: RHB Evan Longoria
|
0-0: Ball 1-0: Grounds into double play, 5-4-3 (Groundball, 56S)
|
Top of the 4th over - 1 run, 2 hits, 0 errors, 0 left on base; Los Angeles 1 - Seattle 1 |
BOTTOM OF THE 4TH |
Seattle Mariners batting - Pitching for Los Angeles Angels : LHP Tyler Anderson
|
Batting: RHB Kris Bryant
|
0-0: Called Strike 0-1: SINGLE (Line Drive, 89M)
|
Batting: RHB Yadier Molina
|
0-0: Ball 1-0: Called Strike 1-1: Ball 2-1: Foul Ball, location: 2F 2-2: SINGLE (Groundball, 34D) Kris Bryant to second Runner from 2nd tries for 3rd, SAFE, throw by RF made to third
|
Batting: RHB Hanley Ramirez
|
0-0: Swinging Strike 0-1: Ball 1-1: Called Strike 1-2: Foul Ball, location: 2F 1-2: Foul Ball, location: 2F 1-2: Strikes out swinging
|
Batting: RHB Christian Villanueva
|
0-0: Called Strike 0-1: Ball 1-1: DOUBLE (Groundball, 5L) Kris Bryant scores Yadier Molina to third
|
Batting: RHB Yunel Escobar
|
0-0: Ball 1-0: Ball 2-0: Called Strike 2-1: Foul Ball, location: 2F 2-2: Fly out, F9 (Flyball, 9) Runner from 3rd tags up, SCORES, throw by RF
|
Batting: LHB Preston Tucker
|
0-0: Foul Ball, location: 2F 0-1: Ball 1-1: Called Strike 1-2: Ball 2-2: Ball 3-2: Strikes out looking
|
Bottom of the 4th over - 2 runs, 3 hits, 0 errors, 1 left on base; Los Angeles 1 - Seattle 3 |
TOP OF THE 5TH |
Los Angeles Angels batting - Pitching for Seattle Mariners : RHP Brad Keller
|
Batting: RHB Mike Zunino
|
0-0: Ball 1-0: Ground out 6-3 (Groundball, 6)
|
Batting: RHB Cameron Rupp
|
0-0: Ball 1-0: Ball 2-0: Foul Ball, location: 2F 2-1: Called Strike 2-2: Foul Ball, location: 2F 2-2: Ground out 5-3 (Groundball, 56S)
|
Batting: RHB Kevin Pillar
|
0-0: Called Strike 0-1: SINGLE (Line Drive, 34)
|
Batting: LHB Kevin Kiermaier
|
0-0: Called Strike Kevin Pillar steals 2nd base 0-1: Ball 1-1: Ball 2-1: Foul Ball, location: 2F 2-2: Ball 3-2: Base on Balls
|
Batting: RHB Trevor Story
|
0-0: Swinging Strike 0-1: Ball 1-1: Ground out 4-3 (Groundball, 4)
|
Top of the 5th over - 0 runs, 1 hit, 0 errors, 2 left on base; Los Angeles 1 - Seattle 3 |
BOTTOM OF THE 5TH |
Seattle Mariners batting - Pitching for Los Angeles Angels : LHP Tyler Anderson
|
Batting: RHB Cameron Maybin
|
0-0: Ball 1-0: Swinging Strike 1-1: Foul Ball, location: 2F 1-2: Strikes out swinging
|
Batting: LHB Brandon Nimmo
|
0-0: Ball 1-0: Fly out, F7 (Line Drive, 7)
|
Batting: RHB Manny Machado
|
0-0: Called Strike 0-1: Ball 1-1: Ball 2-1: Ball 3-1: Base on Balls
|
Batting: RHB Kris Bryant
|
0-0: Foul Ball, location: 2F 0-1: 2-RUN HOME RUN (Flyball, 7LD), Distance : 337 ft
|
Batting: RHB Yadier Molina
|
0-0: Ground out 4-3 (Groundball, 4)
|
Bottom of the 5th over - 2 runs, 1 hit, 0 errors, 0 left on base; Los Angeles 1 - Seattle 5 |
TOP OF THE 6TH |
Los Angeles Angels batting - Pitching for Seattle Mariners : RHP Brad Keller
|
Batting: RHB Wil Myers
|
0-0: Called Strike 0-1: Foul Ball, location: 2F 0-2: Fly out, F5 (Popup, 5DF)
|
Batting: LHB Jason Kipnis
|
0-0: Called Strike 0-1: Ball 1-1: Ball 2-1: Swinging Strike 2-2: Ball 3-2: Foul Ball, location: 2F 3-2: DOUBLE (Flyball, 8LXD)
|
Batting: RHB Tyler Austin
|
0-0: Ball 1-0: Called Strike 1-1: Fly out, F8 (Line Drive, 8LM)
|
Batting: RHB Evan Longoria
|
0-0: Ball 1-0: Foul Ball, location: 2F 1-1: Swinging Strike 1-2: Fly out, F7 (Flyball, 7LMF)
|
Top of the 6th over - 0 runs, 1 hit, 0 errors, 1 left on base; Los Angeles 1 - Seattle 5 |
BOTTOM OF THE 6TH |
Seattle Mariners batting - Pitching for Los Angeles Angels : LHP Tyler Anderson
|
Batting: RHB Hanley Ramirez
|
0-0: Ball 1-0: Ball 2-0: Ground out 6-3 (Groundball, 56)
|
Batting: RHB Christian Villanueva
|
0-0: Ball 1-0: Foul Ball, location: 2F 1-1: Foul Ball, location: 2F 1-2: Foul Ball, location: 2F 1-2: Fly out, F9 (Flyball, 9LS)
|
Batting: RHB Yunel Escobar
|
0-0: Called Strike 0-1: Ball 1-1: Called Strike 1-2: Foul Ball, location: 2F 1-2: Foul Ball, location: 2F 1-2: Fly out, F8 (Flyball, 8LM)
|
Bottom of the 6th over - 0 runs, 0 hits, 0 errors, 0 left on base; Los Angeles 1 - Seattle 5 |
TOP OF THE 7TH |
Los Angeles Angels batting - Pitching for Seattle Mariners : RHP Brad Keller
|
Pitching: RHP Matt Albers
|
|
Batting: RHB Mike Zunino
|
0-0: Swinging Strike 0-1: Foul Ball, location: 2F 0-2: Strikes out swinging
|
Batting: RHB Cameron Rupp
|
0-0: Ball 1-0: Fly out, F9 (Line Drive, 9D)
|
Batting: RHB Kevin Pillar
|
0-0: Ball 1-0: Called Strike 1-1: Swinging Strike 1-2: Ball 2-2: Ball 3-2: Foul Ball, location: 2F 3-2: Foul Ball, location: 2F 3-2: SINGLE (Groundball, 4MD)
|
Batting: LHB Kevin Kiermaier
|
0-0: Called Strike 0-1: Fielders Choice at 2nd, 6-4 (Groundball, 4M)
|
Top of the 7th over - 0 runs, 1 hit, 0 errors, 1 left on base; Los Angeles 1 - Seattle 5 |
BOTTOM OF THE 7TH |
Seattle Mariners batting - Pitching for Los Angeles Angels : LHP Tyler Anderson
|
Pitching: RHP Sam Tuivailala
|
|
Batting: LHB Preston Tucker
|
0-0: Called Strike 0-1: Ground out 1-3 (Groundball, 34S)
|
Batting: RHB Cameron Maybin
|
0-0: Called Strike 0-1: Ball 1-1: Ball 2-1: Swinging Strike 2-2: Ball 3-2: Strikes out swinging
|
Batting: LHB Brandon Nimmo
|
0-0: Ball 1-0: Ball 2-0: Ground out 5-3 (Groundball, 5S)
|
Bottom of the 7th over - 0 runs, 0 hits, 0 errors, 0 left on base; Los Angeles 1 - Seattle 5 |
TOP OF THE 8TH |
Los Angeles Angels batting - Pitching for Seattle Mariners : RHP Matt Albers
|
Pitching: RHP Jim Johnson
|
|
Batting: RHB Trevor Story
|
0-0: Ball 1-0: Foul Ball, location: 2F 1-1: Fly out, F8 (Flyball, 8LM)
|
Batting: RHB Wil Myers
|
0-0: Foul Ball, location: 2F 0-1: Called Strike 0-2: Ball 1-2: SINGLE (Groundball, 6MD)
|
Batting: LHB Jason Kipnis
|
0-0: Ball 1-0: Called Strike 1-1: Called Strike 1-2: Ball 2-2: TRIPLE (Line Drive, 89XD) Wil Myers scores
|
Batting: RHB Tyler Austin
|
0-0: Ground out 5-3 (Groundball, 56)
|
Batting: RHB Evan Longoria
|
0-0: Ground out 2-3 (Groundball, 15S)
|
Top of the 8th over - 1 run, 2 hits, 0 errors, 1 left on base; Los Angeles 2 - Seattle 5 |
BOTTOM OF THE 8TH |
Seattle Mariners batting - Pitching for Los Angeles Angels : RHP Sam Tuivailala
|
Pitching: RHP Jeurys Familia
|
|
Batting: RHB Manny Machado
|
0-0: Reached on error, E5 (Groundball, 56)
|
Batting: RHB Kris Bryant
|
0-0: Grounds into double play, 5-4-3 (Groundball, 56S)
|
Batting: RHB Yadier Molina
|
0-0: Called Strike 0-1: Fly out, F9 (Flyball, 9D)
|
Bottom of the 8th over - 0 runs, 0 hits, 1 error, 0 left on base; Los Angeles 2 - Seattle 5 |
TOP OF THE 9TH |
Los Angeles Angels batting - Pitching for Seattle Mariners : RHP Jim Johnson
|
Pitching: RHP Edubray Ramos
|
|
Batting: RHB Mike Zunino
|
0-0: Ball 1-0: Foul Ball, location: 2F 1-1: Foul Ball, location: 2F 1-2: Ball 2-2: Strikes out swinging, 2-3 out at first.
|
Batting: RHB Cameron Rupp
|
0-0: Fly out, F8 (Flyball, 8RXD)
|
Batting: RHB Kevin Pillar
|
0-0: Ball 1-0: Called Strike 1-1: Foul Ball, location: 2F 1-2: Ball 2-2: Strikes out swinging, 2-3 out at first.
|
Top of the 9th over - 0 runs, 0 hits, 0 errors, 0 left on base; Los Angeles 2 - Seattle 5 |
|